 Dungeon Crawl Stone Soup version 0.28-a0-730-g892d06dc2c (webtiles) character file.

Game seed: 1861176464583192087

2284 bande the Chopper (level 9, -4/55 HPs)
             Began as a Gargoyle Fighter on Oct 29, 2021.
             Was a Priest of Okawaru.
             Slain by a gnoll sergeant (10 damage)
             ... in a bailey.
             The game lasted 00:12:00 (8725 turns).

bande the Chopper (Gargoyle Fighter)                Turns: 8725, Time: 00:12:00

Health: -4/55      AC: 22    Str: 28    XL:     9   Next: 39%
Magic:  10/10      EV:  7    Int:  8    God:    Okawaru [***...]
Gold:   320        SH:  5    Dex: 11    Spells: 8/8 levels left

rFire   + . .      SeeInvis .   a - +0 war axe
rCold   . . .      Faith    .   c - +0 buckler
rNeg    + . .      Spirit   .   j - +0 plate armour
rPois   ∞          Reflect  .   (no helmet)
rElec   +          Harm     .   z - +2 cloak {Will+}
rCorr   .          Rampage  .   (no gloves)
Will    +....                   (no boots)
Stlth   ..........              (no amulet)
HPRegen 0.18/turn               p - ring of protection from fire
MPRegen 0.12/turn               v - +6 ring of strength

@: no status effects
A: sickness immunity, AC +6, negative energy resistance 1, electricity
resistance, torment resistance 1, petrification resistance
a: Renounce Religion, Heroism


You were in a bailey.
You worshipped Okawaru.
Okawaru was most pleased with you.
You visited 2 branches of the dungeon, and saw 8 of its levels.
You also visited: Bailey.

You collected 320 gold pieces.

Inventory:

Hand Weapons
 a - a +0 war axe (weapon)
 w - a +0 flail
Armour
 c - a +0 buckler (worn)
 j - a +0 plate armour (worn)
 z - a +2 cloak of willpower (worn)
Jewellery
 e - a ring of wizardry
 h - a ring of wizardry
 i - a ring of protection from fire
 p - a ring of protection from fire (left hand)
 s - a ring of flight
 t - a ring of see invisible
 u - an amulet of the acrobat
 v - a +6 ring of strength (right hand)
 y - a +6 ring of strength
Wands
 m - a wand of mindburst (14)
 r - a wand of polymorph (8)
Scrolls
 x - a scroll of teleportation
Potions
 b - 4 potions of curing
 d - 2 potions of might
 f - 3 potions of resistance
 g - 4 potions of magic
 k - 2 potions of berserk rage
 l - a potion of brilliance
 n - a potion of cancellation {unknown}
 o - 5 potions of heal wounds
 q - 3 potions of flight {unknown}


   Skills:
 + Level 5.8 Fighting
 + Level 7.3 Axes
 + Level 6.5 Armour
 - Level 0.1 Stealth
 + Level 5.2 Shields
 * Level 2.5 Invocations
 * Level 4.0 Evocations


You had 8 spell levels left.
You didn't know any spells.
Your spell library contained the following spells:

 Spells                   Type           Power      Damage    Failure   Level
 Apportation              Tloc           0%         N/A       99%         1
 Sting                    Tmut/Pois      0%         1d3       99%         1
 Corpse Rot               Necr/Air       0%         N/A       100%        2
 Poisonous Vapours        Pois/Air       0%         N/A       100%        2
 Fireball                 Conj/Fire      0%         3d3       100%        5
 Iskenderun's Battlesphe  Conj           0%         2d6       100%        5
 Conjure Ball Lightning   Conj/Air       0%         3x3d6     100%        6
 Orb of Destruction       Conj           0%         N/A       100%        7
 Death's Door             Necr           0%         N/A       100%        9
 Animate Skeleton         Necr           Unusable   N/A       N/A         1
 Summon Small Mammal      Summ           Unusable   N/A       N/A         1
 Call Canine Familiar     Summ           Unusable   N/A       N/A         3
 Summon Guardian Golem    Hex/Summ       Unusable   N/A       N/A         3
 Haunt                    Necr/Summ      Unusable   N/A       N/A         7

Dungeon Overview and Level Annotations

Branches:
Dungeon (7/15)             Temple (1/1) D:5          Bailey (1/1)

Altars:
Ashenzari
Cheibriados
Dithmenos
Elyvilon
Fedhas
Gozag
Hepliaklqana
Kikubaaqudgha
Makhleb
Okawaru
Ru
Sif Muna
Trog
Uskayaw
Vehumet
Xom
Yredelemnul

Shops:
D:1 (


Innate Abilities, Weirdness & Mutations

You are immune to sickness and miasma.
Your stone body is resilient. (AC +6)
You are immune to poison.
You resist negative energy. (rN+)
You are resistant to electric shocks. (rElec)
You are resistant to unholy torment.
You are immune to petrification.


Message History

The gnoll sergeant hits you but does no damage.
The gnoll barely misses you.
The gnoll throws a throwing net.
The throwing net hits you.
You become entangled in the net!
You see here a throwing net.
You struggle against the net.
The gnoll hits you with a +0 halberd.
The gnoll sergeant hits you with a +0 halberd!
The gnoll sergeant hits you but does no damage.
The gnoll completely misses you. The gnoll hits you but does no damage.
You tear a large gash into the net.
The gnoll hits you with a +0 halberd.
The gnoll sergeant hits you with a +0 halberd.
The gnoll sergeant hits you with a +0 glaive.
The gnoll barely misses you. x2
You rip the net and break free!
The gnoll barely misses you.
The gnoll sergeant hits you but does no damage.
You block the gnoll sergeant's attack. The gnoll hits you but does no damage.
The gnoll hits you from afar with a +0 trident.
* * * LOW HITPOINT WARNING * * *
You hit the gnoll sergeant.
The gnoll sergeant is lightly wounded.
You closely miss the gnoll. You hit the gnoll sergeant.
Your plate armour prevents you from hitting the gnoll.
The gnoll hits you but does no damage.
The gnoll sergeant hits you with a +0 halberd.
* * * LOW HITPOINT WARNING * * *
You block the gnoll sergeant's attack.
The gnoll hits you but does no damage. x2
You hit the gnoll sergeant.
The gnoll sergeant is moderately wounded.
You hit the gnoll.
You hit the gnoll sergeant but do no damage.
You hit the gnoll. The gnoll barely misses you.
The gnoll sergeant barely misses you.
The gnoll sergeant hits you with a +0 glaive!
* * * LOW HITPOINT WARNING * * *
The gnoll closely misses you. The gnoll barely misses you.
You hit the gnoll sergeant.
The gnoll sergeant is heavily wounded.
You hit the gnoll but do no damage. You closely miss the gnoll sergeant.
You closely miss the gnoll. The gnoll hits you but does no damage.
The gnoll sergeant hits you with a +0 halberd!
You die...

#...≈≈♣♣ #..≈.♣
#..≈.♣♣ #..≈..♣♣ ###
#..≈...♣ #... #..≈...♣
..... #####..≈...♣♣
..$...#gg)'......)♣♣♣#
g.8...'g@.'......∩÷.∩#
..$...#..gg......)♣♣♣#
..... #####..≈...♣♣
#... #..≈..♣♣ ###
#..≈..♣ #..≈..♣
#..≈.♣♣ #..≈.♣ ..≈≈


You could see 2 gnoll sergeants and 3 gnolls.

Vanquished Creatures
  Pikel (D:5)
  Eustachio (D:5)
  An ice beast (D:5)
  An orc warrior (D:7)
  An ogre (D:5)
  2 centaurs
  2 lemures (D:5)
  2 phantoms (D:5)
  Blork the orc (D:6)
  A kobold brigand (D:7)
  3 bullfrogs (D:7)
  A wyvern zombie (D:7)
  A scorpion (D:3)
  A water moccasin skeleton (D:5)
  A bullfrog zombie (D:5)
  A centaur zombie (D:5)
  An orc priest (D:3)
  2 jellies
  3 hounds
  Crazy Yiuf (D:5)
  2 centaur skeletons (D:5)
  2 orc wizards (D:5)
  4 adders
  8 gnolls
  A river rat (D:6)
  An ufetubus (D:7)
  An adder skeleton (D:4)
  4 worms
  4 dart slugs
  13 orcs
  8 ball pythons
  8 bats
  18 endoplasms
  3 giant cockroaches
  10 goblins
  5 hobgoblins
  18 kobolds
  3 quokkas
  A frilled lizard (D:1)
  13 rats
155 creatures vanquished.

Notes
Turn   | Place    | Note
-------+----------+-------------------------------------------
     0 | D:1      | bande the Gargoyle Fighter began the quest for the Orb.
     0 | D:1      | Reached XP level 1. HP: 14/14 MP: 1/1
    82 | D:1      | Reached XP level 2. HP: 19/19 MP: 2/2
   213 | D:1      | Reached skill level 2 in Axes
   546 | D:1      | Reached XP level 3. HP: 24/24 MP: 3/3
   787 | D:1      | Found Idakoun's Weapon Shop.
  1683 | D:3      | Noticed a scorpion
  1691 | D:3      | Killed a scorpion
  1692 | D:3      | Reached skill level 3 in Axes
  1692 | D:3      | Reached XP level 4. HP: 23/29 MP: 4/4
  1800 | D:3      | Reached XP level 5. HP: 33/33 MP: 5/5
  2190 | D:3      | Found a shimmering blue altar of Sif Muna.
  3521 | D:4      | Reached XP level 6. HP: 36/38 MP: 6/6
  3633 | D:4      | Reached skill level 4 in Axes
  3993 | D:5      | Entered Level 5 of the Dungeon
  4369 | D:5      | Noticed an ice beast
  4381 | D:5      | Reached skill level 1 in Evocations
  4389 | D:5      | Reached XP level 7. HP: 23/44 MP: 7/7
  4392 | D:5      | HP: 2/44 [ice beast (6)]
  4850 | D:5      | Found a staircase to the Ecumenical Temple.
  4865 | Temple   | Entered the Ecumenical Temple
  4919 | Temple   | Became a worshipper of Warmaster Okawaru
  4960 | D:5      | Reached skill level 5 in Axes
  4961 | D:5      | Reached skill level 5 in Armour
  5222 | D:5      | Found a runed translucent door.
  5223 | D:5      | Noticed Crazy Yiuf
  5466 | D:5      | Noticed Pikel
  5485 | D:5      | HP: 1/44 [Pikel (2)]
  5486 | D:5      | Killed Pikel
  5486 | D:5      | Reached * piety under Okawaru
  5486 | D:5      | Reached ** piety under Okawaru
  5487 | D:5      | Reached skill level 5 in Fighting
  5487 | D:5      | Reached skill level 6 in Axes
  5487 | D:5      | Reached XP level 8. HP: 1/49 MP: 8/8
  6405 | D:5      | Noticed Eustachio
  6460 | D:5      | Killed Eustachio
  6833 | D:5      | Killed Crazy Yiuf
  6834 | D:5      | Reached skill level 1 in Invocations
  7351 | D:6      | Noticed Blork the orc
  7371 | D:6      | Killed Blork the orc
  7372 | D:6      | Reached XP level 9. HP: 48/54 MP: 8/10
  7509 | D:6      | Reached skill level 5 in Shields
  7886 | D:7      | Reached skill level 7 in Axes
  8216 | D:7      | Got Lerusiow's Tome of Darkness and Shape Shifting
  8361 | D:7      | Found a flagged portal.
  8401 | Bailey   | Entered a bailey
  8415 | Bailey   | Reached *** piety under Okawaru
  8725 | Bailey   | Slain by a gnoll sergeant

Illustrated notes

Levels and vault maps discovered:
D:1:      nicolae_arrival_washed_ashore, layout_rooms, serial_shops,
          nicolae_shop_statue_plus
D:2:      layout_rooms, minmay_rat_gold_closets
D:3:      layout_basic, nicolae_overflow_hidden_temple,
          minmay_misc_feat_nine_boxes, serial_park_tiny_1
D:4:      layout_basic, minmay_distorted
D:5:      layout_loops_corners, minmay_temple_entry_statues_fountains,
          uniq_pikel, uniq_crazy_yiuf_cottage, uniq_eustachio
D:6:      layout_rooms, gup_sewer_entry_spiral, wad_floor_pattern_untrapped,
          uniq_blork_the_orc
D:7:      layout_loops_corners, enter_bailey_5
Temple:   regret_index_temple_sigil_plot
Bailey:   bailey_polearm_gnolls_kennysheep, bailey

Skill      XL: |  1  2  3  4  5  6  7  8  9 |
---------------+----------------------------+-----
Axes           | 2 3 4 6 7 |  7.3
Fighting       | 4 5 |  5.8
Armour         | 4 5 6 |  6.5
Shields        | 4 5 |  5.2
Evocations     | 1 3 4 |  4.0
Invocations    | 1 2 |  2.5
Stealth        | |  0.1

Action                   |  1- 3 |  4- 6 |  7- 9 || total
-------------------------+-------+-------+-------++-------
Melee: War axe           |   106 |   162 |   318 ||   586
  Use: Scroll            |       |     7 |     6 ||    13
Armor: Scale mail        |    27 |       |       ||    27
       Plate armour      |    39 |   126 |   390 ||   555
Dodge: Dodged            |    44 |    46 |   174 ||   264
Block: Buckler           |    16 |    44 |   109 ||   169

Table legend: (Time is in decaauts)
 A = Elapsed time spent in this place.
 B = Non-inter-level travel time spent in this place.
 C = Inter-level travel time spent in this place.
 D = Time resting spent in this place.
 E = Time spent auto-exploring this place.
 F = Levels seen in this place.
 G = Mean time per level.
                   A        B        C        D        E       F      G
               +--------+--------+--------+--------+--------+-----+--------+
         Total |   8916 |   8628 |    288 |   1969 |   4984 |   9 |  990.7 |
       Dungeon |   8513 |   8240 |    273 |   1726 |   4929 |   7 | 1216.1 |
        Temple |     75 |     60 |     15 |      0 |     34 |   1 |   75.0 |
        Bailey |    327 |    327 |      0 |    243 |     21 |   1 |  327.0 |
               +--------+--------+--------+--------+--------+-----+--------+

Top non-repeatable levels by time:
     D:5: 2937 daAuts
     D:4: 1193 daAuts
     D:3: 1162 daAuts
     D:6: 952 daAuts
     D:1: 932 daAuts
     D:2: 793 daAuts
     D:7: 541 daAuts
  Bailey: 327 daAuts
  Temple: 75 daAuts
